 Dungeon Crawl Stone Soup version 0.28-a0-1555-g9ae15a6949 (webtiles) character file.

Game seed: 14981464329383913617

2033 bande the Chopper (level 9, -9/54 HPs)
             Began as a Gargoyle Fighter on Jan 19, 2022.
             Was a Believer of Okawaru.
             Mangled by a fire crab (glowing shapeshifter) (12 damage)
             ... on level 7 of the Dungeon.
             The game lasted 00:14:06 (7229 turns).

bande the Chopper (Gargoyle Fighter)                Turns: 7229, Time: 00:14:07

Health: -9/54      AC: 25    Str: 26    XL:     9   Next: 24%
Magic:  0/12       EV:  8    Int:  9    God:    Okawaru [**....]
Gold:   298        SH:  5    Dex: 13    Spells: 8/8 levels left

rFire   . . .      SeeInvis .   a - +1 war axe (chaos)
rCold   . . .      Faith    .   c - +0 buckler
rNeg    + . .      Spirit   +   z - +0 chain mail
rPois   ∞          Reflect  .   f - +1 helmet
rElec   +          Harm     .   k - +0 cloak
rCorr   .          Rampage  .   p - +0 pair of gloves
Will    .....                   (no boots)
Stlth   ..........              h - amulet of guardian spirit
HPRegen 0.18/turn               u - +4 ring of protection
MPRegen 0.13/turn               g - +6 ring of strength

@: no status effects
A: sickness immunity, AC +6, negative energy resistance 1, electricity
resistance, torment resistance 1, petrification resistance
a: Renounce Religion, Heroism


You were on level 7 of the Dungeon.
You worshipped Okawaru.
Okawaru was pleased with you.
You visited 1 branch of the dungeon, and saw 7 of its levels.
You also visited: Sewer.

You collected 298 gold pieces.

Inventory:

Hand Weapons
 a - a +1 war axe of chaos (weapon)
 o - a +0 mace of protection
Armour
 c - a +0 buckler (worn)
 f - a +1 helmet (worn)
 k - a +0 cloak (worn)
 p - a +0 pair of gloves (worn)
 z - a +0 chain mail (worn)
Jewellery
 g - a +6 ring of strength (right hand)
 h - an amulet of guardian spirit (around neck)
 i - an amulet of the acrobat
 r - a ring of fire
 u - a +4 ring of protection (left hand)
Wands
 n - a wand of flame (8)
Scrolls
 b - a scroll of vulnerability {unknown}
 t - a scroll of fear
 w - a scroll of enchant armour
 y - a scroll of teleportation
Potions
 d - a potion of ambrosia {unknown}
 e - a potion of brilliance {unknown}
 j - 4 potions of flight
 l - 5 potions of curing
 m - a potion of haste {unknown}
 q - a potion of magic {unknown}
 s - 2 potions of might
 x - 3 potions of resistance {unknown}


   Skills:
 + Level 5.6 Fighting
 + Level 7.3 Axes
 + Level 5.8 Armour
 + Level 4.9 Shields
 * Level 4.1 Invocations
 * Level 3.2 Evocations


You had 8 spell levels left.
You didn't know any spells.
Your spell library contained the following spells:

 Spells                   Type           Power      Damage    Failure   Level
 Blink                    Tloc           0%         N/A       99%         2
 Gell's Gravitas          Tloc           0%         N/A       100%        3
 Lesser Beckoning         Tloc           0%         N/A       100%        3
 Teleport Other           Tloc           0%         N/A       100%        3
 Olgreb's Toxic Radiance  Pois           0%         N/A       100%        4
 Borgnjor's Vile Clutch   Necr/Erth      0%         N/A       100%        5
 Manifold Assault         Tloc           0%         N/A       100%        5
 Dispersal                Tloc           0%         N/A       100%        6
 Ozocubu's Refrigeration  Ice            0%         4d5       100%        7
 Storm Form               Tmut/Air       0%         N/A       100%        7
 Ignition                 Fire           0%         3d3       100%        8
 Animate Dead             Necr           Unusable   N/A       N/A         4
 Death Channel            Necr           Unusable   N/A       N/A         6

Dungeon Overview and Level Annotations

Branches:
Dungeon (7/15)             Temple (0/1) D:4           Sewer (visited)

Altars:
Ashenzari
Cheibriados
Elyvilon
Nemelex Xobeh
Okawaru
Qazlal
Ru
Sif Muna
Trog
Vehumet

Shops:
D:1 ?

Portals:
Bailey: D:7


Innate Abilities, Weirdness & Mutations

You are immune to sickness and miasma.
Your stone body is resilient. (AC +6)
You are immune to poison.
You resist negative energy. (rN+)
You are resistant to electric shocks. (rElec)
You are resistant to unholy torment.
You are immune to petrification.


Message History

You hit the two-headed ogre.
The two-headed ogre seems to speed up.
The two-headed ogre is lightly wounded.
The two-headed ogre changes into a lindwurm!
You block the gnoll sergeant's attack.
You completely miss the lindwurm. You hit the goblin.
You kill the goblin!
Okawaru accepts your kill.
The gnoll sergeant splashes around in the water.
The lindwurm breathes flames at you. The blast of flame hits you!
Unknown command.
You hit the lindwurm. You drain the lindwurm.
The lindwurm is moderately wounded.
The lindwurm changes into a fire crab!
The gnoll sergeant hits you but does no damage.
You slash the fire crab! You freeze the fire crab.
The fire crab is lightly wounded.
The gnoll sergeant splashes around in the water.
You block the fire crab's attack.
The fire crab claws you but does no damage.
You slash the fire crab!
The fire crab goes berserk!
The fire crab is heavily wounded.
The gnoll sergeant hits you but does no damage.
The fire crab bites you.
You are engulfed in flames!
* * * LOW HITPOINT WARNING * * *
The fire crab claws you but does no damage.
The gnoll sergeant barely misses you.
You hit the fire crab. You freeze the fire crab.
The fire crab is heavily wounded.
The fire crab barely misses you.
The fire crab claws you but does no damage.
You block the fire crab's attack.
The fire crab claws you but does no damage.
The gnoll sergeant closely misses you.
You hit the fire crab. You freeze the fire crab.
The fire crab is heavily wounded.
The fire crab bites you!
* * * LOW HITPOINT WARNING * * *
You are engulfed in flames!
You die...

$. #. ..##.
.#..## ....#
≈≈.#######
#####≈........
#.
#...#≈........
#.≈#.∩..≈@.#
###.≈#...#≈t)#
....≈#####g)##
#..≈≈≈≈≈≈))#
#..........#
#####..#####
#..## ##..# .#
#..##


You could see a fire crab shaped shifter (berserk) and a gnoll sergeant.

Vanquished Creatures
  Grinder (D:3)
  A steam dragon (D:6)
  A water moccasin (D:6)
  A sky beast (D:5)
  The ghost of leviel the Skirmisher, an amateur HOFi (D:4)
  An ice beast (D:5)
  A centaur (D:5)
  A phantom (D:3)
  2 kobold brigands (D:7)
  A bullfrog (Sewer)
  A scorpion (D:6)
  A water moccasin skeleton (D:5)
  A howler monkey (D:4)
  A centaur zombie (D:7)
  3 hounds
  A jelly (D:6)
  4 orc priests
  Crazy Yiuf (D:3)
  A centaur skeleton (D:4)
  Jessica (D:3)
  A bullfrog skeleton (D:5)
  An iguana (D:7)
  3 orc wizards
  A hound skeleton (D:4)
  3 gnolls (D:7)
  A howler monkey zombie (D:7)
  13 adders
  A shadow imp (D:6)
  A white imp (D:5)
  An ufetubus (D:4)
  An adder skeleton (D:4)
  A dart slug (D:1)
  12 orcs
  17 endoplasms
  8 giant cockroaches
  9 goblins
  7 hobgoblins
  4 jackals (D:4)
  11 quokkas
  9 ball pythons
  2 bats (D:3)
  9 frilled lizards
  19 kobolds
  24 rats
185 creatures vanquished.

Vanquished Creatures (others)
  15 plants (D:3)
15 creatures vanquished.

Grand Total: 200 creatures vanquished

Notes
Turn   | Place    | Note
-------+----------+-------------------------------------------
     0 | D:1      | bande the Gargoyle Fighter began the quest for the Orb.
     0 | D:1      | Reached XP level 1. HP: 14/14 MP: 1/1
   302 | D:1      | Found Cinalyk's Magic Scroll Emporium.
   366 | D:1      | Reached XP level 2. HP: 16/19 MP: 2/2
   446 | D:1      | Found a faded altar of an unknown god.
   460 | D:1      | Reached skill level 2 in Axes
  1492 | D:2      | Reached XP level 3. HP: 17/23 MP: 1/3
  1824 | D:3      | Noticed a phantom
  1848 | D:3      | Killed a phantom
  1849 | D:3      | Reached skill level 3 in Axes
  1849 | D:3      | Reached XP level 4. HP: 19/29 MP: 4/4
  2176 | D:3      | Noticed Grinder
  2176 | D:3      | Paralysed by Grinder for 7 turns
  2187 | D:3      | Paralysed by Grinder for 4 turns
  2196 | D:3      | Paralysed by Grinder for 7 turns
  2210 | D:3      | Killed Grinder
  2211 | D:3      | Reached skill level 4 in Axes
  2211 | D:3      | Reached XP level 5. HP: 13/34 MP: 2/5
  2211 | D:3      | Reached XP level 6. HP: 15/39 MP: 2/6
  2687 | D:3      | Found a runed translucent door.
  2688 | D:3      | Noticed Crazy Yiuf
  2813 | D:3      | Found a stormy altar of Qazlal.
  2815 | D:3      | Found a broken altar of Ashenzari.
  2818 | D:3      | Found an iron altar of Okawaru.
  2823 | D:3      | Became a worshipper of Warmaster Okawaru
  3067 | D:3      | Noticed Jessica
  3071 | D:3      | Killed Jessica
  3284 | D:3      | Killed Crazy Yiuf
  3388 | D:4      | Found a snail-covered altar of Cheibriados.
  3406 | D:4      | Reached skill level 1 in Invocations
  3421 | D:4      | Reached XP level 7. HP: 32/44 MP: 5/7
  3537 | D:4      | Identified the +1 leather armour of Caheir {Slay+2}
  3567 | D:4      | Reached skill level 5 in Axes
  3818 | D:4      | Found a staircase to the Ecumenical Temple.
  3971 | D:4      | Found a runed translucent door.
  4015 | D:4      | Found a sparkling altar of Nemelex Xobeh.
  4034 | D:4      | Noticed leviel's ghost (amateur HOFi)
  4063 | D:4      | Found a radiant altar of Vehumet.
  4096 | D:4      | Found a bloodstained altar of Trog.
  4203 | D:4      | Found a shimmering blue altar of Sif Muna.
  4308 | D:4      | Killed leviel's ghost
  4309 | D:4      | Reached skill level 1 in Evocations
  4338 | D:5      | Entered Level 5 of the Dungeon
  4377 | D:5      | Reached skill level 5 in Armour
  4479 | D:5      | Reached * piety under Okawaru
  4490 | D:5      | Reached XP level 8. HP: 32/48 MP: 7/9
  4707 | D:5      | Found a sacrificial altar of Ru.
  4870 | D:5      | Reached skill level 5 in Fighting
  4879 | D:5      | Reached skill level 6 in Axes
  5666 | D:6      | Found a glowing drain.
  5696 | Sewer    | Entered a sewer
  6060 | Sewer    | Found the +8 whip "Snakebite" {venom, curare, rPois}
  6134 | Sewer    | Reached ** piety under Okawaru
  6319 | D:6      | Found a white marble altar of Elyvilon.
  6431 | D:6      | Reached skill level 7 in Axes
  6431 | D:6      | Reached XP level 9. HP: 41/54 MP: 7/11
  7196 | D:7      | Noticed a glowing shapeshifter
  7196 | D:7      | a gnoll changed into a glowing shapeshifter
  7196 | D:7      | Noticed a glowing orange brain
  7196 | D:7      | a glowing shapeshifter changed into a glowing orange brain
  7199 | D:7      | Noticed a shining eye
  7199 | D:7      | a glowing orange brain changed into a shining eye
  7201 | D:7      | Noticed a manticore
  7201 | D:7      | a shining eye changed into a manticore
  7205 | D:7      | Noticed a swamp dragon
  7205 | D:7      | a manticore changed into a swamp dragon
  7206 | D:7      | Noticed a shining eye
  7206 | D:7      | a swamp dragon changed into a shining eye
  7210 | D:7      | a shining eye changed into a slime creature
  7213 | D:7      | Noticed a shining eye
  7213 | D:7      | a slime creature changed into a shining eye
  7215 | D:7      | Gained mutation: You have hidden genetic potential. [a
                  | shining eye]
  7217 | D:7      | Lost mutation: You have hidden genetic potential. [a
                  | shining eye]
  7219 | D:7      | Found a flagged portal.
  7220 | D:7      | Noticed a two-headed ogre
  7220 | D:7      | a shining eye changed into a two-headed ogre
  7223 | D:7      | Noticed a lindwurm
  7223 | D:7      | a two-headed ogre changed into a lindwurm
  7225 | D:7      | Noticed a fire crab
  7225 | D:7      | a lindwurm changed into a fire crab
  7229 | D:7      | Mangled by a fire crab (glowing shapeshifter)

Illustrated notes

Levels and vault maps discovered:
D:1:      lightli_arrival_statuegarden, layout_rooms, serial_shops, shop,
          ebering_ecumenical_altar_sacrificial
D:2:      layout_basic, hex_tiny, corexii_shack, minmay_pentomino_u4
D:3:      layout_loops_ring, grunt_temple_overflow_diamond, grunt_ministairs_7,
          serial_bayou_pond_c, nicolae_figureground_sparkle, uniq_grinder,
          uniq_jessica, uniq_crazy_yiuf_cottage
D:4:      layout_cave_pools, mainiacjoe_overflow_tiny_flanked,
          mainiacjoe_overflow_paths, nemelex_dance_club_becter,
          lemuel_blue_sif_altar, general_overflow_altar,
          minmay_temple_entry_glassed_door, hellmonk_ghost_happy_afterlife,
          minmay_rat_hole
D:5:      layout_cave_pods, mainiacjoe_overflow_small_starburst
D:6:      layout_basic, elyvilon_altar_1, gup_sewer_entry_glass
D:7:      layout_cave_pods, overflow_temple_1_default, enter_bailey_3

Skill      XL: |  1  2  3  4  5  6  7  8  9 |
---------------+----------------------------+-----
Axes           | 2 3 4 5 7 |  7.3
Armour         | 4 5 |  5.8
Fighting       | 4 5 |  5.6
Shields        | 4 |  4.9
Invocations    | 1 2 3 4 |  4.1
Evocations     | 1 3 |  3.2

Action                   |  1- 3 |  4- 6 |  7- 9 || total
-------------------------+-------+-------+-------++-------
Melee: War axe           |   107 |    68 |   407 ||   582
  Use: Scroll            |     1 |     4 |     7 ||    12
       Potion            |       |     1 |       ||     1
Armor: Scale mail        |    54 |    64 |   238 ||   356
       Chain mail        |       |       |    70 ||    70
Dodge: Dodged            |    39 |    34 |   151 ||   224
Block: Buckler           |    19 |    19 |    98 ||   136

Table legend: (Time is in decaauts)
 A = Elapsed time spent in this place.
 B = Non-inter-level travel time spent in this place.
 C = Inter-level travel time spent in this place.
 D = Time resting spent in this place.
 E = Time spent auto-exploring this place.
 F = Levels seen in this place.
 G = Mean time per level.
                   A        B        C        D        E       F      G
               +--------+--------+--------+--------+--------+-----+--------+
         Total |   7458 |   7326 |    132 |   1857 |   3853 |   8 |  932.2 |
       Dungeon |   6885 |   6753 |    132 |   1808 |   3620 |   7 |  983.6 |
         Sewer |    572 |    572 |      0 |     49 |    233 |   1 |  572.0 |
               +--------+--------+--------+--------+--------+-----+--------+

Top non-repeatable levels by time:
     D:3: 1584 daAuts
     D:5: 1280 daAuts
     D:4: 996 daAuts
     D:1: 983 daAuts
     D:6: 941 daAuts
     D:2: 878 daAuts
   Sewer: 572 daAuts
     D:7: 221 daAuts
